AoeStats
← ihate

Scandinavia

510606351Analyzed
1v1 RM · 18h ago on Oct 1, 2026· 45m 4s· 2 players
Game mode
Random Map
Map size
Tiny (2 player)
Population
200
Speed
Normal
Resources
Standard
Victory
Conquest
Starting age
Dark Age
Ending age
Imperial Age
RankedLock teamsTeams togetherTeam positionsShared explorationLock speedFull tech treeHidden civsTurbo modeCheats
Victory
Defeat
🇩🇪 Varangians · Germany
1124
+15
🇬🇧 Mongols · United Kingdom
1092
-15
ihate
8:25 Loom
10:41 Feudal Age
12:49 Double-Bit Axe
13:51 Bloodlines
20:06 Castle Age
19:10 Scale Barding Armor
19:25 Horse Collar
20:05 Forging
22:16 Bow Saw
22:17 Heavy Plow
22:40 Town Watch
23:27 Gold Mining
23:47 Fishing Lines
24:38 Gillnets
26:48 Husbandry
27:23 Chain Barding Armor
32:44 Iron Casting
34:47 Wheelbarrow
38:45 Imperial Age
36:50 Vendel Legacy
38:42 Ballistics
39:46 Conscription
39:02 Cavalier
40:27 Plate Barding Armor
40:16 Siege Engineers
41:21 Masonry
BGz x LH
10:09 Feudal Age
11:37 Loom
15:54 Castle Age
13:43 Double-Bit Axe
20:26 Fletching
20:37 Padded Archer Armor
21:16 Fishing Lines
22:33 Bodkin Arrow
24:35 Bow Saw
25:00 Ballistics
25:25 Leather Archer Armor
32:08 Thumb Ring
38:21 Imperial Age
37:07 Gold Mining
37:10 Stone Mining
40:00 Parthian Tactics
40:39 Heavy Cavalry Archer
42:04 Bracer
43:18 Chemistry
Connection lost

Rejoining the realm…

Still unreachable

The connection could not be restored.

Session expired

The server has moved on; the page needs a fresh start.